 Dungeon Crawl Stone Soup version 0.19-a0-993-g3130bb9 (webtiles) character file.

4183 Sixotanaka the Carver (level 10, -3/60 HPs)
             Began as a High Elf Skald on July 16, 2016.
             Was a High Priest of Cheibriados.
             Splashed by a jelly's acid (10 damage)
             ... on level 8 of the Dungeon.
             The game lasted 00:19:36 (8859 turns).

Sixotanaka the Carver (High Elf Skald)              Turns: 8859, Time: 00:19:37

Health: -3/60      AC: -12   Str: 24    XL:     10   Next: 8%
Magic:  13/15      EV: 12    Int: 29    God:    Cheibriados [*****.]
Gold:   332        SH:  0    Dex: 32    Spells: 4 memorised, 4 levels left

rFire  + . .     SeeInvis .     b - +2 dagger (elec)
rCold  . . .     Gourm    .     I - +0 troll leather armour
rNeg   + . .     Faith    .     (no shield)
rPois  .         Spirit   .     f - +0 helmet
rElec  .         Dismiss  +     s - +0 cloak
rCorr  .         Reflect  .     Q - +0 pair of gloves
SustAt .         Harm     .     (no boots)
MR     +....                    m - amulet of dismissal (curse)
Stlth  ++........               A - ring of positive energy
                                y - ring of protection from fire

@: corroded, very slow, somewhat resistant to hostile enchantments, unstealthy
A: no striking features
a: Bend Time, Temporal Distortion, Slouch, Step From Time, Renounce Religion


You were on level 8 of the Dungeon.
You worshipped Cheibriados.
Cheibriados was extremely pleased with you.
You were not hungry.

You visited 2 branches of the dungeon, and saw 9 of its levels.

You collected 453 gold pieces.
You spent 121 gold pieces at shops.


   Skills:
 - Level 2.0 Fighting
 * Level 13.1 Long Blades
 - Level 0.8 Armour
 - Level 1.1 Dodging
 + Level 4.7 Shields
 - Level 2.4 Spellcasting
 - Level 7.3 Charms
 + Level 5.8 Invocations


You had 4 spell levels left.
You knew the following spells:

 Your Spells              Type           Power        Failure   Level  Hunger
a - Shroud of Golubria    Chrm/Tloc      ###.......   3%          2    ##.....
c - Infusion              Chrm           ####         1%          1    None
g - Regeneration          Chrm/Necr      ###.......   10%         3    ###....
z - Spectral Weapon       Hex/Chrm       ###.....     10%         3    ###....


Dungeon Overview and Level Annotations

Branches:
Dungeon (8/15)             Temple (1/1) D:7
   Lair: D:8-11

Altars:
Ashenzari
Cheibriados
Dithmenos
Elyvilon
Gozag
Pakellas
Uskayaw
Vehumet

Shops:
D:5 (:[}(

Annotations:
D:4 Menkaure
D:8 1 runed door

Inventory:

Hand Weapons
 a - a +0 long sword
   (You found it on level 3 of the Dungeon)
 b - a +2 dagger of electrocution (weapon)
   (You took it off a goblin on level 1 of the Dungeon)
 t - a +0 falchion
Missiles
 x - 13 poisoned needles
 G - 3 throwing nets (quivered) {!f}
 K - 2 javelins
Armour
 f - a +0 helmet (worn)
   (You found it on level 1 of the Dungeon)
 s - a +0 cloak (worn)
   (You found it on level 3 of the Dungeon)
 C - a cursed +0 buckler
   (You found it on level 5 of the Dungeon)
 I - a +0 troll leather armour (worn)
   (You found it on level 6 of the Dungeon)
 Q - a +0 pair of gloves (worn)
   (You found it on level 7 of the Dungeon)
Magical Staves
 H - an uncursed staff of summoning {unknown}
   (You found it on level 7 of the Dungeon)
Jewellery
 m - a cursed amulet of dismissal (around neck)
   (You found it on level 2 of the Dungeon)
 y - a ring of protection from fire (left hand)
   (You found it on level 4 of the Dungeon)
 A - a ring of positive energy (right hand)
   (You found it on level 4 of the Dungeon)
Wands
 e - a wand of random effects (16/48)
   (You found it on level 6 of the Dungeon)
 u - a wand of paralysis (11/24)
   (You found it on level 6 of the Dungeon)
 F - a wand of iceblast (4/15)
   (You took it off a crimson imp on level 6 of the Dungeon)
 O - a wand of flame (32/48)
   (You found it on level 7 of the Dungeon)
Scrolls
 g - 3 scrolls of amnesia
 h - 3 scrolls of magic mapping {unknown}
 n - 2 scrolls of enchant armour
 q - a scroll of fear {unknown}
 v - 5 scrolls of remove curse {@r2}
 B - a scroll of recharging {unknown}
 D - 2 scrolls of teleportation {@r4}
Potions
 i - a potion of haste {unknown}
 k - 4 potions of brilliance {unknown}
 l - a potion of curing {@q1}
 r - a potion of beneficial mutation {unknown}
 w - a potion of degeneration {unknown}
 E - a potion of mutation {unknown}
 J - a potion of ambrosia {unknown}
 L - 2 potions of heal wounds {unknown}
 M - a potion of agility {unknown}
 N - a potion of lignification {unknown}
 P - a potion of invisibility {unknown}
Books
 c - a book of Battle
Comestibles
 d - 5 bread rations {@e1}
 j - 2 beef jerkies
 o - 4 meat rations {@e2}
 p - 9 fruits
 z - 7 royal jellies
 R - 8 chunks of flesh

#......# #...# #......
+[.....########..# #......
#......##...(....# #......
#......##........# #......
#......##........###......
#.........................
#..........###............
#..........# #............
#........@.# #............
............J.#
#............
..............#
#............
......####....#
###..##...... ......
###### #..##...... ......
#...##.#### ......
#...#...... .....
##..#...... #.>.......


You could see a jelly.


Message History

Your spectral weapon hits the jelly.
Your spectral weapon is burned by acid!
Your spectral weapon shares its damage with you!
You hit the jelly.
Your hands burn!
Your spectral weapon hits the jelly.
Your spectral weapon is burned by acid!
Your spectral weapon shares its damage with you!
The jelly closely misses you.
You hit the jelly.
Your hands burn!
Your spectral weapon hits the jelly.
Your spectral weapon is burned by acid!
Your spectral weapon shares its damage with you!
The jelly hits you but does no damage.
You hit the jelly. The acid corrodes you!
Your hands burn!
Your spectral weapon hits the jelly.
Your spectral weapon is burned by acid!
Your spectral weapon shares its damage with you!
You hit the jelly but do no damage.
Your hands burn!
Your spectral weapon hits the jelly.
Your spectral weapon is burned by acid!
The jelly hits you.
You are splashed with acid!
The acid corrodes you!
The acid burns!
You hit the jelly but do no damage.
Your hands burn!
* * * LOW HITPOINT WARNING * * *
Your spectral weapon hits the jelly.
Your spectral weapon is burned by acid!
Your spectral weapon shares its damage with you!
* * * LOW HITPOINT WARNING * * *
Your spectral weapon fades away.
You are too injured to fight recklessly!
You completely miss the jelly. The jelly closely misses you.
You hit the jelly but do no damage.
Your hands burn!
* * * LOW HITPOINT WARNING * * *
Unknown command.
You hit the jelly but do no damage.
There is a sudden explosion of sparks!
The acid corrodes you!
Your hands burn!
* * * LOW HITPOINT WARNING * * *
The jelly hits you.
* * * LOW HITPOINT WARNING * * *
You are splashed with acid!
The acid corrodes you!
The acid burns!
* * * LOW HITPOINT WARNING * * *
Unknown command.
You feel better. The jelly closely misses you.
You hit the jelly but do no damage.
Your hands burn!
* * * LOW HITPOINT WARNING * * *
Unknown command.
You hit the jelly but do no damage. The acid corrodes you!
Your hands burn!
* * * LOW HITPOINT WARNING * * *
The jelly hits you.
* * * LOW HITPOINT WARNING * * *
You are splashed with acid!
The acid burns!
You die...

Vault maps used:
D:1:      lemuel_arrival_muddy
D:2:      amethyst_overflow_temple_binary, cheibriados_altar_1
D:4:      kennysheep_big_empty_room, uniq_menkaure, uniq_grinder
D:5:      grunt_dithmenos_smoke_and_mirrors, first_bread, serial_shops, shop,
          shop, shop, nicolae_shop_overgrown_old_shop, shop
D:6:      hangedman_cross_stitches
D:7:      overflow_temple_1_default
D:8:      minmay_gate_of_8, lemuel_blue_sif_altar, david_nohive_1
Temple:   lightli_temple_of_artemis

Vanquished Creatures
  A troll (D:6)
  Grinder (D:4)
  A queen bee (D:8)
  A hungry ghost (D:8)
  A sky beast (D:8)
  3 phantoms
  A necrophage (D:7)
  A centaur (D:6)
  3 ogres
  A big kobold (D:7)
  5 giant frogs
  2 scorpions
  17 killer bees
  3 howler monkeys (D:8)
  2 jellies
  4 crimson imps
  A giant frog zombie (D:5)
  A centaur zombie (D:8)
  A quasit (D:7)
  An orc priest (D:5)
  2 gnoll shamans
  7 hounds
  5 orc wizards
  2 centaur skeletons
  2 iguanas
  6 worker ants
  A hound zombie (D:8)
  A howler monkey zombie (D:6)
  14 gnolls
  9 adders
  4 oozes
  2 adder zombies
  3 worms
  A dart slug (D:4)
  A giant gecko (D:2)
  17 orcs
  2 bats (D:2)
  3 giant cockroaches
  A hobgoblin (D:2)
  12 jackals
  6 quokkas
  A ball python skeleton (D:4)
  3 giant newts
  7 goblins
  7 kobolds
  A quokka skeleton (D:3)
  A quokka zombie (D:5)
  2 rats (D:3)
174 creatures vanquished.

Vanquished Creatures (others)
  2 spectral weapons (D:8)
2 creatures vanquished.

Grand Total: 176 creatures vanquished

Table legend:
 A = Turns spent in this place as a percentage of turns spent in the entire game.
 B = Non-inter-level travel turns spent in this place as a percentage of non-inter-level travel turns spent in the entire game.
 C = Inter-level travel turns spent in this place as a percentage of turns spent in this place.
 D = Turns resting spent in this place as a percentage of non-inter-level travel turns spent in this place.
 E = Turns spent auto-exploring this place as a percentage of non-inter-level travel turns spent in this place.
 F = Non-inter-level travel turns spent in this place divided by the number of levels of this place that you've seen.
                   A       B       C       D       E      F
               +-------+-------+-------+-------+-------+----------------------
         Total | 100.0 | 100.0 |   0.5 |   9.8 |  15.0 | 251.7
       Dungeon |  99.9 |  99.9 |   0.5 |   9.9 |  15.0 | 282.9
        Temple |   0.1 |   0.1 |   0.0 |   0.0 |   0.0 |   2.0
               +-------+-------+-------+-------+-------+----------------------

Table legend:
 A = Kills in this place as a percentage of kills in entire the game.
 B = Kills by you in this place as a percentage of kills by you in the entire game.
 C = Kills by friends in this place as a percentage of kills by friends in the entire game.
 D = Other kills in this place as a percentage of other kills in the entire game.
 E = Experience gained in this place as a percentage of experience gained in the entire game.
 F = Experience gained in this place divided by the number of levels of this place that you have seen.
                   A       B       C       D       E      F
               +-------+-------+-------+-------+-------+----------------------
         Total | 100.0 | 100.0 |  -nan |  -nan | 100.0 | 664.0
       Dungeon | 100.0 | 100.0 |  -nan |  -nan | 100.0 | 747.0
               +-------+-------+-------+-------+-------+----------------------

Notes
Turn   | Place    | Note
-------+----------+-------------------------------------------
     0 | D:1      | Sixotanaka the High Elf Skald began the quest for the Orb.
     0 | D:1      | Reached XP level 1. HP: 14/14 MP: 4/4
   243 | D:1      | Reached skill level 3 in Long Blades
   535 | D:1      | Reached XP level 2. HP: 17/19 MP: 6/6
   807 | D:2      | Reached skill level 4 in Long Blades
   807 | D:2      | Reached XP level 3. HP: 24/24 MP: 3/7
  1022 | D:2      | Found an oddly glowing altar of Pakellas.
  1029 | D:2      | Found a radiant altar of Vehumet.
  1490 | D:2      | Learned a level 2 spell: Shroud of Golubria
  1494 | D:2      | Learned a level 3 spell: Spectral Weapon
  1508 | D:2      | Found a snail-covered altar of Cheibriados.
  1519 | D:2      | Became a worshipper of Cheibriados the Contemplative
  1633 | D:2      | Reached skill level 4 in Charms
  1972 | D:3      | Reached skill level 5 in Long Blades
  1972 | D:3      | Reached XP level 4. HP: 25/29 MP: 1/8
  2326 | D:3      | Reached XP level 5. HP: 24/34 MP: 2/9
  2568 | D:3      | Reached skill level 6 in Long Blades
  2691 | D:3      | Reached * piety under Cheibriados
  2868 | D:3      | You fall through a shaft!
  2886 | D:4      | Reached skill level 5 in Charms
  2887 | D:4      | HP: 6/34 [gnoll/whip (5)]
  2888 | D:4      | Reached XP level 6. HP: 7/39 MP: 1/10
  3261 | D:4      | Reached skill level 7 in Long Blades
  3320 | D:4      | Noticed Grinder
  3332 | D:4      | Killed Grinder
  3332 | D:4      | Reached XP level 7. HP: 39/45 MP: 1/11
  3443 | D:4      | Reached skill level 8 in Long Blades
  3773 | D:4      | Reached skill level 6 in Charms
  3815 | D:4      | Reached ** piety under Cheibriados
  3822 | D:4      | Noticed Menkaure
  4106 | D:4      | Reached skill level 9 in Long Blades
  4455 | D:5      | Entered Level 5 of the Dungeon
  4495 | D:5      | Found Plog's Book Emporium.
  4620 | D:5      | HP: 8/45 [orc priest/divine providence (13)]
  4621 | D:5      | Reached skill level 7 in Charms
  4621 | D:5      | Reached XP level 8. HP: 9/50 MP: 6/12
  4630 | D:5      | Learned a level 3 spell: Regeneration
  4738 | D:5      | Found Azxaelam's Antique Armour Shoppe.
  4745 | D:5      | Found Hioxaump's Antique Weapon Shop.
  4746 | D:5      | Bought a pair of gloves for 121 gold pieces
  4916 | D:5      | Found Obbea's Weapon Emporium.
  5525 | D:5      | Found a shadowy altar of Dithmenos.
  5541 | D:5      | Reached skill level 10 in Long Blades
  5841 | D:5      | Found Buipykiw's Gadget Shop.
  6193 | D:5      | Reached *** piety under Cheibriados
  6249 | D:6      | Noticed a troll
  6254 | D:6      | Killed a troll
  6254 | D:6      | Reached skill level 1 in Shields
  6254 | D:6      | Reached skill level 1 in Invocations
  6282 | D:6      | Reached skill level 2 in Invocations
  6342 | D:6      | Reached skill level 11 in Long Blades
  6342 | D:6      | Reached skill level 2 in Shields
  6841 | D:6      | Reached skill level 3 in Invocations
  6841 | D:6      | Reached XP level 9. HP: 49/54 MP: 13/13
  6922 | D:7      | Found a shattered altar of Ashenzari.
  7135 | D:7      | Reached skill level 3 in Shields
  7175 | D:7      | Reached **** piety under Cheibriados
  7410 | D:7      | Found a staircase to the Ecumenical Temple.
  7709 | Temple   | Entered the Ecumenical Temple
  7826 | D:8      | Reached skill level 4 in Invocations
  7955 | D:8      | Reached skill level 12 in Long Blades
  8120 | D:8      | Noticed a queen bee
  8132 | D:8      | Reached ***** piety under Cheibriados
  8132 | D:8      | Reached skill level 4 in Shields
  8141 | D:8      | Killed a queen bee
  8141 | D:8      | Reached skill level 5 in Invocations
  8453 | D:8      | Reached skill level 13 in Long Blades
  8453 | D:8      | Reached XP level 10. HP: 60/60 MP: 7/15
  8785 | D:8      | Found a runed door.
  8785 | D:8      | Noticed a fire crab
  8785 | D:8      | Noticed a frost giant
  8799 | D:8      | Noticed a deep elf archer
  8801 | D:8      | Noticed a griffon
  8801 | D:8      | Noticed a yaktaur captain
  8856 | D:8      | HP: 9/60 [acid (9)]
  8859 | D:8      | Splashed by a jelly's acid

Action                   |  1- 3 |  4- 6 |  7- 9 | 10-12 || total
-------------------------+-------+-------+-------+-------++-------
Melee: Falchion          |    31 |       |       |       ||    31
       Dagger            |    46 |    98 |   360 |    40 ||   544
       Long sword        |       |       |    10 |       ||    10
 Cast: Infusion          |     9 |    10 |    19 |       ||    38
       Shroud of Golubri |     1 |     3 |    17 |     1 ||    22
       Regeneration      |       |       |    15 |       ||    15
       Spectral Weapon   |       |       |    16 |     3 ||    19
  Use: Scroll            |       |       |     6 |       ||     6
       Potion            |       |       |       |     1 ||     1
 Stab: Sleeping          |       |       |     5 |       ||     5
       Distracted        |       |       |     3 |     1 ||     4
  Eat: Chunk             |     4 |     3 |     9 |       ||    16
       Meat ration       |       |       |     1 |       ||     1
       Pizza             |       |       |     1 |       ||     1
       Beef jerky        |       |       |       |     1 ||     1
Armor: Leather armour    |    13 |    13 |    32 |       ||    58
       Troll leather arm |       |       |    61 |     9 ||    70
Dodge: Dodged            |    30 |    35 |   197 |    13 ||   275
